 Dungeon Crawl Stone Soup version 0.29.1-14-g9c671dbff4 (webtiles) character file.

Game seed: 13105121342064107760

49 KittyFluff the Trooper (level 3, -2/24 HPs)
             Began as a Gargoyle Berserker on Feb 15, 2023.
             Was a Believer of Trog.
             Slain by a gnoll
             ... wielding a +0 club
              (6 damage)
             ... on level 2 of the Dungeon.
             The game lasted 00:06:40 (1514 turns).

KittyFluff the Trooper (Gargoyle Berserker)         Turns: 1514, Time: 00:06:40

Health: -2/24      AC:  5    Str: 20    XL:     3   Next: 77%
Magic:  3/3        EV: 12    Int:  7    God:    Trog [**....]
Gold:   69         SH:  0    Dex: 11    Spells: 2/2 levels left

rFire   . . .      SeeInvis .   a - +0 mace
rCold   . . .      Faith    .   (no shield)
rNeg    + . .      Spirit   .   b - +0 animal skin
rPois   ∞          Reflect  .   (no helmet)
rElec   +          Harm     .   (no cloak)
rCorr   .          Rampage  .   (no gloves)
Will    .....                   (no boots)
Stlth   +.........              (no amulet)
HPRegen 0.08/turn               (no ring)
MPRegen 0.08/turn               (no ring)

@: no status effects
A: sickness immunity, AC +3, negative energy resistance 1, electricity
resistance, torment resistance 1, petrification resistance
a: Renounce Religion, Berserk, Trog's Hand


You were on level 2 of the Dungeon.
You worshipped Trog.
Trog was pleased with you.
You visited 1 branch of the dungeon, and saw 2 of its levels.

You collected 69 gold pieces.

Inventory:

Hand Weapons
 a - a +0 mace (weapon)
Missiles
 l - 4 boomerangs (quivered)
 s - 19 stones
 y - 4 atropa-tipped darts
Armour
 b - a +0 animal skin (worn)
 t - a scarf of invisibility
Jewellery
 v - a ring of magical power
Wands
 u - a wand of iceblast (11)
Scrolls
 d - 2 scrolls of fog {unknown}
 e - a scroll of amnesia {unknown}
 h - 2 scrolls of enchant armour {unknown}
 j - 3 scrolls of identify {unknown}
 n - 2 scrolls of brand weapon {unknown}
 o - 2 scrolls of immolation {unknown}
 p - a scroll of enchant weapon {unknown}
 r - 3 scrolls of blinking {unknown}
 w - a scroll of teleportation {unknown}
Potions
 c - a potion of lignification {unknown}
 f - a potion of mutation {unknown}
 g - a potion of berserk rage {unknown}
 i - 2 potions of degeneration {unknown}
 k - 2 potions of brilliance {unknown}
 m - a potion of attraction {unknown}
 q - a potion of invisibility {unknown}
 x - a potion of flight {unknown}


   Skills:
 + Level 3.8 Fighting
 + Level 3.6 Maces & Flails
 * Level 2.6 Armour
 + Level 2.0 Dodging
 + Level 0.1 Stealth


You had 2 spell levels left.
You didn't know any spells.
Your spell library was empty.

Dungeon Overview and Level Annotations

Branches:
Dungeon (2/15)

Altars:


Innate Abilities, Weirdness & Mutations

You are immune to sickness and miasma.
Your stone body is resilient. (AC +3)
You are immune to poison.
You resist negative energy. (rN+)
You are resistant to electric shocks. (rElec)
You are resistant to unholy torment.
You are immune to petrification.


Message History

The gnoll shouts!
The boomerang hits the rat.
You kill the rat!
Trog accepts your kill.
You hear a shout!
Throw: 4 boomerangs
Press: ? - help, Q - select action, (/) - cycle Shift-Dir - straight line, f - gnoll
Aim: a gnoll, wielding a +0 club (60% to hit)
You throw a boomerang. The boomerang hits the gnoll.
The gnoll is heavily wounded.
A gnoll comes into view. It is wielding a +0 spear.
Throw: 4 boomerangs
Press: ? - help, Q - select action, (/) - cycle Shift-Dir - straight line, f/p - gnoll
Aim: a gnoll, wielding a +0 club (heavily wounded, 60% to hit)
You throw a boomerang. The boomerang closely misses the gnoll.
The boomerang hits the gnoll but does no damage.
Throw: 4 boomerangs
Press: ? - help, Q - select action, (/) - cycle Shift-Dir - straight line, f/p - gnoll
Aim: a gnoll, wielding a +0 club (moderately wounded, 60% to hit)
You throw a boomerang.
The boomerang hits the gnoll but does no damage.
The gnoll is moderately wounded.
Throw: 4 boomerangs
Press: ? - help, Q - select action, (/) - cycle Shift-Dir - straight line, f/p - gnoll
Aim: a gnoll, wielding a +0 club (moderately wounded, 60% to hit)
You throw a boomerang. The boomerang hits the gnoll.
The gnoll is severely wounded.
You barely miss the gnoll.
The gnoll is severely wounded.
The gnoll closely misses you. The gnoll completely misses you.
You closely miss the gnoll.
The gnoll is severely wounded.
The gnoll hits you with a +0 club. The gnoll closely misses you.
You closely miss the gnoll.
The gnoll is severely wounded.
The gnoll hits you with a +0 club.
The gnoll hits you from afar with a +0 spear!
* * * LOW HITPOINT WARNING * * *
The gnoll attacks as you move away! The gnoll hits you with a +0 club.
You die...

#.......†. #......... ..
.......... .# #
......... .# #
#.......... .##.
#.#..g..... .....
#..g.....# #.... #@##
######.... #..###
#.........
##...####.###.....
###.##...# #†....
#....### #.....
#####..### #.....
#......# #.....
#.####.########....
######.####...#...).....


You could see 2 gnolls.

Vanquished Creatures
  2 dart slugs
  7 endoplasms
  3 giant cockroaches (D:1)
  A goblin (D:1)
  2 hobgoblins (D:1)
  A jackal (D:1)
  8 kobolds
  A quokka (D:1)
  3 ball pythons
  6 bats
  5 frilled lizards
  6 rats
45 creatures vanquished.

Notes
Turn   | Place    | Note
-------+----------+-------------------------------------------
     0 | D:1      | KittyFluff the Gargoyle Berserker began the quest for the
                  | Orb.
     0 | D:1      | Reached XP level 1. HP: 14/14 MP: 1/1
    97 | D:1      | Reached XP level 2. HP: 16/19 MP: 2/2
   490 | D:1      | Reached XP level 3. HP: 18/24 MP: 3/3
   704 | D:1      | Reached ** piety under Trog
  1514 | D:2      | Slain by a gnoll

Illustrated notes

Levels and vault maps discovered:
D:1:      dpeg_arrival_tiny_k, layout_loops_ring,
          hangedman_abyss_or_decor_lesser_grid, minmay_split_cup_small
D:2:      layout_rooms, kennysheep_generic_room_9

Skill      XL: |  1  2  3 |
---------------+----------+-----
Dodging        | 2 |  2.0
Fighting       | |  3.8
Maces & Flails | |  3.6
Armour         | |  2.6
Stealth        | |  0.1

Action                   || total
-------------------------++-------
Melee: Mace              ||   125
       Punch             ||     1
Throw: Boomerang         ||     8
Armor: Animal skin       ||    36
Dodge: Dodged            ||    86
